 Dungeon Crawl Stone Soup version 0.30.0-20-g3615ddf2f0 (webtiles) character file.

Game seed: 16141431240254126726

49236 qw the Cleaver (level 14, -8/90 HPs)
             Began as a Gargoyle Fighter on June 1, 2023.
             Was a High Priest of Okawaru.
             Mangled by a wyvern (11 damage)
             ... on level 5 of the Lair of Beasts.
             The game lasted 00:09:21 (19440 turns).

qw the Cleaver (Gargoyle Fighter)                  Turns: 19440, Time: 00:09:21

Health: -8/90      AC: 44    Str: 28    XL:     14   Next: 49%
Magic:  0/21       EV:  8    Int: 11    God:    Okawaru [*****.]
Gold:   2320       SH: 11    Dex:  9    Spells: 13/13 levels left

rFire   . . .        r - +0 broad axe
rCold   . . .        u - +0 kite shield
rNeg    + . .        x - +1 plate armour
rPois   inf          A - +2 helmet of Pandemonium {+Blink rPois Str+5}
rElec   +            e - +2 cloak
rCorr   +            g - +2 pair of gloves {infuse}
SInv    .            q - +2 pair of boots of the Three Shrikes {Slay+2}
Will    +....        (no amulet) Stlth
                     k - +4 ring of protection
HPRegen 0.35/turn    c - ring of resist corrosion
MPRegen 0.17/turn

%: no passive effects
@: about to teleport, flying, slowed, very slow
A: sickness immunity, AC +10, big wings, negative energy resistance 1,
electricity resistance, torment resistance 1, petrification resistance
a: Renounce Religion, Evoke Blink, Heroism, Finesse, Duel


You were on level 5 of the Lair of Beasts.
You worshipped Okawaru.
Okawaru was extremely pleased with you.
You visited 3 branches of the dungeon, and saw 17 of its levels.

You collected 2320 gold pieces.


Innate Abilities, Weirdness & Mutations

You are immune to sickness and miasma.
Your stone body is resilient. (AC +10)
You are immune to poison.
Your large and strong wings let you fly.
You resist negative energy. (rN+)
You are resistant to electric shocks. (rElec)
You are resistant to unholy torment.
You are immune to petrification.


   Skills:
 - Level 11.0 Fighting
 - Level 14.0 Axes
 - Level 4.3 Throwing
 - Level 11.0 Armour
 - Level 2.7 Dodging
 + Level 11.8 Shields
 - Level 10.0 Invocations


You had 13 spell levels left.
You didn't know any spells.
Your spell library was empty.

Inventory:

Hand Weapons
 n - a +2 war axe of flaming
 r - a +0 broad axe (weapon)
Armour
 e - a +2 cloak (worn)
 g - a +2 pair of gloves of infusion (worn)
 q - the +2 pair of boots of the Three Shrikes (worn) {Slay+2}
   (You found it on level 3 of the Dungeon)

   Slay:      It affects your accuracy & damage with ranged weapons and melee
   (+2).
 u - a +0 kite shield (worn)
 x - a +1 plate armour (worn)
 y - +0 acid dragon scales
 A - the +2 helmet of Pandemonium (worn) {+Blink rPois Str+5}
   (You found it on level 11 of the Dungeon)

   Str:       It affects your strength (+5).
   rPois:     It protects you from poison.
   +Blink:    It lets you blink.
Jewellery
 c - a ring of resist corrosion (right hand)
 f - a ring of fire
 k - a +4 ring of protection (left hand)
 p - a ring of ice
Scrolls
 a - 10 scrolls of teleportation
 o - 3 scrolls of identify
 w - a scroll of noise {unknown}
Potions
 b - 2 potions of haste
 d - 4 potions of might
 h - a potion of resistance
 i - 2 potions of cancellation
 j - 4 potions of curing
 l - 3 potions of lignification
 m - 2 potions of mutation
 t - a potion of magic
 B - a potion of heal wounds

Dungeon Overview and Level Annotations

Branches:
Dungeon (11/15)            Temple (1/1) D:6            Lair (5/5) D:11
 Shoals (0/4) Lair:3       Spider (0/4) Lair:2        Slime (0/5) Lair:5
    Orc (0/2) D:9

Altars:
Ashenzari
Cheibriados
Dithmenos
Elyvilon
Fedhas
Gozag
Hepliaklqana
Kikubaaqudgha
Makhleb
Nemelex Xobeh
Okawaru
Qazlal
Ru
Sif Muna
Trog
Uskayaw
Vehumet
Wu Jian
Xom
Yredelemnul
Zin
The Shining One
Jiyva


Message History

The cane toad stings you but does no damage.
The wyvern barely misses you. The guardian serpent hits you!
You barely miss the wyvern.
The wyvern is almost dead.
You slash the wyvern! You barely miss the water moccasin.
You barely miss the hornet. You barely miss the cane toad.
You barely miss the guardian serpent. The wyvern bites you.
You block the water moccasin's attack.
The hornet stings you but does no damage.
The wyvern bites you but does no damage.
The guardian serpent coils itself and waves its upper body at you.
The bolt of poison hits you but does no damage.
You resist.
The bolt of poison hits the water moccasin.
The water moccasin looks even sicker.
You block the wyvern's attack. The cane toad stings you!
The water moccasin closely misses you. You block the hornet's attack.
The wyvern bites you but does no damage.
The guardian serpent casts a spell at you.
You resist with some effort.
You hit the wyvern.
The wyvern is almost dead.
You closely miss the wyvern. You miss the water moccasin.
You completely miss the hornet. You slash the cane toad!
You miss the guardian serpent. You block the wyvern's attack.
You block the water moccasin's attack. The cane toad stings you!
You block the hornet's attack.
The wyvern bites you but does no damage.
The guardian serpent hits you. The wyvern barely misses you.
The water moccasin closely misses you. The hornet stings you!
The cane toad stings you but does no damage.
The wyvern bites you.
The guardian serpent hits you but does no damage.
19440 ||| READING 11 scrolls of teleportation.
As you read the scroll of teleportation, it crumbles to dust.
You feel strangely unstable. You block the wyvern's attack.
The water moccasin bites you but does no damage.
You block the hornet's attack. The wyvern bites you!
You die...

### ###.... #((. #....P.
...P ....... ..P ....... ..
#...... . .###### #.... .
##$.##..## ###.. . #.
##yS####..## ..### ###.
##l@l#..#...## ....# #P...
##.SF##..##...##....P # #P..
##....#....#....##.... #
#...P
##....##....##....##.P. #
#..P##.....#......#.....##P.
##
#.P#....##......##....##..
.###
#.P...#..P#PP..#.P.%P...
#..##
##...P.#....P..P#PP..%...
....##
##......%....P..#.#....%..


You could see a guardian serpent, a cane toad, a hornet, a water moccasin (very
poisoned) and 2 wyverns.

Vanquished Creatures
  7 hydras
  Erica (Lair:2)
  4 two-headed ogres
  5 death yaks (Lair:1)
  2 boulder beetles
  3 skysharks
  3 harpies (Lair:3)
  An oklob plant (D:10)
  An ugly thing (D:11)
  11 elephants
  7 black mambas
  10 cane toads
  An unseen horror (D:10)
  Maggie (D:8)
  7 komodo dragons
  A rime drake (Lair:2)
  3 trolls
  2 polar bears
  3 hornets
  6 blink frogs
  Grinder (D:4)
  Prince Ribbit (D:7)
  4 jumping spiders (Lair:2)
  6 dream sheep (Lair:5)
  3 culicivoras (Lair:2)
  2 shadows
  Eustachio (D:5)
  A wraith (D:11)
  3 basilisks
  7 wyverns
  55 yaks
  4 vampire mosquitoes
  Edmund (D:5)
  3 redbacks
  Menkaure (D:7)
  2 swamp worms (D:11)
  An acid dragon (D:11)
  15 water moccasins
  An ice beast (D:6)
  4 orc warriors (D:9)
  3 centaurs
  An ogre (D:9)
  6 wolves (Lair:2)
  4 kobold brigands
  2 bullfrogs
  Blork the orc (D:4)
  6 scorpions
  3 gnoll sergeants (D:9)
  15 wights
  3 killer bees (D:9)
  10 howler monkeys
  An electric eel (Lair:4)
  5 hounds
  3 orc priests (D:7)
  4 jellies (Lair:5)
  A sleepcap (D:7)
  A gnoll bouda (D:5)
  5 iguanas
  12 orc wizards
  12 gnolls
  15 adders
  2 shadow imps (D:7)
  A white imp (D:7)
  An ufetubus (D:5)
  2 worms (D:4)
  2 dart slugs (D:1)
  46 orcs
  5 endoplasms
  A giant cockroach (D:4)
  3 goblins
  8 hobgoblins
  10 jackals
  2 quokkas
  5 ball pythons
  9 bats
  2 frilled lizards
  12 kobolds
  7 rats
426 creatures vanquished.

Notes
Turn   | Place    | Note
-------+----------+-------------------------------------------
     0 | D:1      | qw the Gargoyle Fighter began the quest for the Orb.
     0 | D:1      | Reached XP level 1. HP: 14/14 MP: 1/1
     0 | D:1      | 0 ||| qw: Version: 0.2-a-102-gdf20003
     0 | D:1      | 0 ||| qw: Game counter: 754
     0 | D:1      | 0 ||| qw: Always use a shield: true
     0 | D:1      | 0 ||| qw: God list: Okawaru
     0 | D:1      | 0 ||| qw: Allow faded altars: false
     0 | D:1      | 0 ||| qw: Do Orc after D:15 true
     0 | D:1      | 0 ||| qw: Do second Lair branch before Depths: true
     0 | D:1      | 0 ||| qw: Lair rune preference: random
     0 | D:1      | 0 ||| qw: Plans: Normal, Zot:1-4, Slime:5, God:TSO, Crypt,
                  | Tomb, Pan, Hells, Abyss, Win
     0 | D:1      | 0 ||| PLANNING D:1-11
    26 | D:1      | Reached skill level 2 in Axes
    51 | D:1      | 51 ||| Stepping ~*~*~tactically~*~*~ (stealth).
    61 | D:1      | Reached XP level 2. HP: 10/19 MP: 2/2
   202 | D:1      | 202 ||| Stepping ~*~*~tactically~*~*~ (stealth).
   271 | D:1      | Found a faded altar of an unknown god.
   335 | D:1      | 335 ||| Stepping ~*~*~tactically~*~*~ (hiding).
   340 | D:1      | Reached skill level 3 in Axes
   358 | D:1      | Reached XP level 3. HP: 23/23 MP: 3/3
   415 | D:1      | 415 ||| DROPPING +0 club.
   509 | D:1      | 509 ||| UPGRADING to +1 hat.
   514 | D:1      | 514 ||| UPGRADING to +4 ring of protection.
   515 | D:1      | 515 ||| READING scroll labelled FILYESMEID.
   516 | D:1      | 516 ||| READING scroll labelled UPTICUATET.
   517 | D:1      | 517 ||| DRINKING 2 amethyst potions.
   711 | D:2      | 711 ||| Stepping ~*~*~tactically~*~*~ (stealth).
   730 | D:2      | 730 ||| Stepping ~*~*~tactically~*~*~ (stealth).
   732 | D:2      | 732 ||| Stepping ~*~*~tactically~*~*~ (stealth).
   750 | D:2      | 750 ||| Stepping ~*~*~tactically~*~*~ (stealth).
  1164 | D:2      | Reached XP level 4. HP: 28/28 MP: 4/4
  1444 | D:2      | 1444 ||| UPGRADING to +0 cloak.
  1449 | D:2      | 1449 ||| UPGRADING to +0 pair of boots.
  1454 | D:2      | 1454 ||| READING 2 scrolls labelled OCOLOS SEPH.
  1457 | D:2      | 1457 ||| READING 2 scrolls labelled IWETZIJENE.
  1458 | D:2      | 1458 ||| READING scroll of enchant weapon.
  1458 | D:2      | 1458 ||| ENCHANTING +1 war axe.
  1529 | D:3      | Identified the +2 pair of boots of the Three Shrikes
                  | {Slay+2}
  1636 | D:3      | Found a glowing silver altar of Zin.
  1717 | D:3      | Reached skill level 4 in Axes
  1971 | D:3      | Found a faded altar of an unknown god.
  2011 | D:3      | Found a hazy altar of Hepliaklqana.
  2012 | D:3      | 2012 ||| DROPPING +2 mace of protection.
  2065 | D:3      | Found a shimmering blue altar of Sif Muna.
  2068 | D:3      | 2068 ||| UPGRADING to +2 pair of boots of the Three Shrikes
                  | {Slay+2}.
  2078 | D:3      | 2078 ||| DROPPING +0 pair of boots.
  2079 | D:3      | 2079 ||| UPGRADING to +0 chain mail.
  2089 | D:3      | 2089 ||| DROPPING +0 scale mail.
  2090 | D:3      | 2090 ||| UPGRADING to +0 kite shield.
  2100 | D:3      | 2100 ||| DROPPING +0 buckler.
  2101 | D:3      | 2101 ||| READING scroll labelled YRPHUU DOXIUTE.
  2101 | D:3      | Identified a scroll of acquirement
  2101 | D:3      | 2101 ||| ACQUIRING 1196 gold pieces
  2101 | D:3      | Acquired 1196 gold pieces
  2103 | D:3      | 2103 ||| READING 3 scrolls of identify.
  2103 | D:3      | 2103 ||| IDENTIFYING coppery potion
  2104 | D:3      | 2104 ||| READING 2 scrolls of identify.
  2104 | D:3      | 2104 ||| IDENTIFYING glowing brown potion
  2149 | D:4      | Identified the +8 hand axe of Income {pain, Will+}
  2164 | D:4      | 2164 ||| Stepping ~*~*~tactically~*~*~ (stealth).
  2334 | D:4      | 2334 ||| Stepping ~*~*~tactically~*~*~ (stealth).
  2339 | D:4      | Reached XP level 5. HP: 32/32 MP: 5/5
  2447 | D:4      | Noticed Blork the orc
  2454 | D:4      | Killed Blork the orc
  2523 | D:4      | 2523 ||| DROPPING +0 flail.
  2534 | D:4      | Found a shimmering altar of Xom.
  2662 | D:4      | Noticed Grinder
  2664 | D:4      | Paralysed by Grinder for 3 turns
  2670 | D:4      | Paralysed by Grinder for 5 turns
  2676 | D:4      | Killed Grinder
  2677 | D:4      | Reached skill level 5 in Axes
  2677 | D:4      | Reached XP level 6. HP: 35/37 MP: 6/6
  2811 | D:4      | 2811 ||| UPGRADING to +0 helmet.
  2821 | D:4      | 2821 ||| DROPPING +1 hat.
  2822 | D:4      | 2822 ||| READING scroll labelled FELALO JUHAPH.
  2832 | D:5      | Entered Level 5 of the Dungeon
  2852 | D:5      | Reached XP level 7. HP: 39/42 MP: 7/7
  2862 | D:5      | Noticed Eustachio
  2884 | D:5      | HP: 10/43 [Eustachio/+3 falchion of electrocution (4)]
  2885 | D:5      | 2885 ||| READING 6 scrolls of teleportation.
  3042 | D:5      | Noticed Edmund
  3055 | D:5      | Killed Edmund
  3056 | D:5      | Reached skill level 6 in Axes
  3162 | D:5      | Reached skill level 6 in Shields
  3191 | D:5      | 3191 ||| Stepping ~*~*~tactically~*~*~ (stealth).
  3205 | D:5      | Reached skill level 1 in Dodging
  3205 | D:5      | Reached XP level 8. HP: 48/48 MP: 8/8
  3218 | D:5      | 3218 ||| Stepping ~*~*~tactically~*~*~ (stealth).
  3222 | D:5      | 3222 ||| Stepping ~*~*~tactically~*~*~ (stealth).
  3240 | D:5      | 3240 ||| Stepping ~*~*~tactically~*~*~ (stealth).
  3290 | D:5      | Killed Eustachio
  3291 | D:5      | Reached skill level 7 in Axes
  3428 | D:5      | 3428 ||| Stepping ~*~*~tactically~*~*~ (hiding).
  3437 | D:5      | 3437 ||| Stepping ~*~*~tactically~*~*~ (hiding).
  3567 | D:5      | 3567 ||| Stepping ~*~*~tactically~*~*~ (stealth).
  3855 | D:5      | 3855 ||| Stepping ~*~*~tactically~*~*~ (stealth).
  4187 | D:5      | 4187 ||| DRINKING 2 inky potions.
  4188 | D:5      | 4188 ||| DRINKING 2 red potions.
  4189 | D:5      | 4189 ||| DROPPING potion of degeneration.
  4314 | D:6      | 4314 ||| READING scroll of enchant armour.
  4314 | D:6      | 4314 ||| ENCHANTING +0 helmet.
  4317 | D:6      | Found a sparkling altar of Nemelex Xobeh.
  4320 | D:6      | 4320 ||| READING scroll of acquirement.
  4320 | D:6      | 4320 ||| ACQUIRING +1 pair of gloves of infusion
  4320 | D:6      | Acquired a +1 pair of gloves of infusion
  4322 | D:6      | 4322 ||| UPGRADING to +1 pair of gloves of infusion.
  4403 | D:6      | 4403 ||| Stepping ~*~*~tactically~*~*~ (stealth).
  4405 | D:6      | 4405 ||| Stepping ~*~*~tactically~*~*~ (stealth).
  4407 | D:6      | 4407 ||| Stepping ~*~*~tactically~*~*~ (hiding).
  4434 | D:6      | 4434 ||| Stepping ~*~*~tactically~*~*~ (stealth).
  4460 | D:6      | 4460 ||| Stepping ~*~*~tactically~*~*~ (stealth).
  4466 | D:6      | 4466 ||| Stepping ~*~*~tactically~*~*~ (stealth).
  4476 | D:6      | 4476 ||| Stepping ~*~*~tactically~*~*~ (stealth).
  4477 | D:6      | 4477 ||| Stepping ~*~*~tactically~*~*~ (stealth).
  4487 | D:6      | 4487 ||| Stepping ~*~*~tactically~*~*~ (stealth).
  4493 | D:6      | 4493 ||| Stepping ~*~*~tactically~*~*~ (stealth).
  4494 | D:6      | 4494 ||| Stepping ~*~*~tactically~*~*~ (stealth).
  4548 | D:6      | 4548 ||| Stepping ~*~*~tactically~*~*~ (stealth).
  4579 | D:6      | 4579 ||| Stepping ~*~*~tactically~*~*~ (stealth).
  4581 | D:6      | 4581 ||| Stepping ~*~*~tactically~*~*~ (stealth).
  4591 | D:6      | Reached XP level 9. HP: 52/54 MP: 5/9
  4593 | D:6      | 4593 ||| Stepping ~*~*~tactically~*~*~ (stealth).
  4596 | D:6      | 4596 ||| DROPPING +2 flail of holy wrath.
  4718 | D:6      | Found a staircase to the Ecumenical Temple.
  4719 | D:6      | 4719 ||| PLANNING TEMPLE
  4725 | D:6      | 4725 ||| READING scroll labelled OGIN SILUQE.
  4726 | D:6      | 4726 ||| READING scroll labelled HENODAKHUT.
  4727 | D:6      | 4727 ||| READING 2 scrolls of identify.
  4727 | D:6      | 4727 ||| IDENTIFYING bubbling emerald potion
  4728 | D:6      | 4728 ||| DROPPING potion of ambrosia.
  4735 | Temple   | Entered the Ecumenical Temple
  4861 | Temple   | 4861 ||| PLANNING D:1-11
  4931 | D:6      | Reached skill level 8 in Axes
  5198 | D:6      | 5198 ||| DROPPING -2 war axe of draining.
  5549 | D:7      | Reached skill level 6 in Fighting
  5608 | D:7      | 5608 ||| DRINKING 4 potions of curing.
  5608 | D:7      | 5608 ||| (to cure confusion)
  5716 | D:7      | 5716 ||| Stepping ~*~*~tactically~*~*~ (hiding).
  5756 | D:7      | Noticed Prince Ribbit
  5777 | D:7      | Killed Prince Ribbit
  5877 | D:7      | 5877 ||| Stepping ~*~*~tactically~*~*~ (hiding).
  5880 | D:7      | 5880 ||| Stepping ~*~*~tactically~*~*~ (hiding).
  5894 | D:7      | 5894 ||| Stepping ~*~*~tactically~*~*~ (hiding).
  5985 | D:7      | 5985 ||| SWAPPING to +2 vampiric hand axe.
  6080 | D:7      | 6080 ||| READING 3 scrolls of enchant armour.
  6080 | D:7      | 6080 ||| ENCHANTING +1 pair of gloves of infusion.
  6081 | D:7      | 6081 ||| READING 2 scrolls of enchant armour.
  6081 | D:7      | 6081 ||| ENCHANTING +1 helmet.
  6082 | D:7      | 6082 ||| READING scroll of enchant armour.
  6082 | D:7      | 6082 ||| ENCHANTING +0 cloak.
  6419 | D:7      | Noticed Menkaure
  6434 | D:7      | Killed Menkaure
  6739 | D:7      | 6739 ||| DROPPING ring of magical power.
  6740 | D:7      | 6740 ||| READING 2 scrolls of identify.
  6740 | D:7      | 6740 ||| IDENTIFYING blue potion
  6741 | D:7      | 6741 ||| DROPPING potion of magic.
  6822 | D:8      | Found a shadowy altar of Dithmenos.
  6838 | D:8      | Noticed Maggie
  6866 | D:8      | Killed Maggie
  6867 | D:8      | Reached skill level 9 in Axes
  6867 | D:8      | Reached XP level 10. HP: 37/60 MP: 0/10
  6900 | D:8      | 6900 ||| FLEEEEING.
  6902 | D:8      | 6902 ||| FLEEEEING.
  6903 | D:8      | 6903 ||| FLEEEEING.
  6905 | D:8      | 6905 ||| STAIRDANCE
  6976 | D:8      | 6976 ||| Stepping ~*~*~tactically~*~*~ (stealth).
  6985 | D:8      | 6985 ||| STAIRDANCE
  6995 | D:7      | HP: 10/61 [vampire mosquito (8)]
  6996 | D:7      | 6996 ||| READING 7 scrolls of teleportation.
  7276 | D:8      | Noticed a two-headed ogre
  7291 | D:8      | Killed a two-headed ogre
  7707 | D:8      | Found an iron altar of Okawaru.
  7708 | D:8      | 7708 ||| PLANNING OKAWARU WORSHIP
  7708 | D:8      | 7708 ||| UPGRADING to ring of resist corrosion.
  7709 | D:8      | 7709 ||| DRINKING 4 clear potions.
  7710 | D:8      | 7710 ||| DRINKING 2 glowing emerald potions.
  7816 | D:8      | 7816 ||| READING 2 scrolls of identify.
  7816 | D:8      | 7816 ||| IDENTIFYING viscous black potion
  7817 | D:8      | 7817 ||| DROPPING 3 potions of brilliance.
  7818 | D:8      | 7818 ||| DROPPING potion of berserk rage.
  7827 | D:8      | Became a worshipper of Warmaster Okawaru
  7827 | D:8      | 7827 ||| PLANNING D:1-11
  7983 | D:9      | 7983 ||| READING scroll of enchant weapon.
  7983 | D:9      | 7983 ||| ENCHANTING +2 vampiric hand axe.
  8000 | D:9      | Reached skill level 9 in Shields
  8294 | D:9      | 8294 ||| READING scroll of enchant weapon.
  8294 | D:9      | 8294 ||| ENCHANTING +3 vampiric hand axe.
  8402 | D:9      | 8402 ||| Stepping ~*~*~tactically~*~*~ (stealth).
  8403 | D:9      | 8403 ||| Stepping ~*~*~tactically~*~*~ (stealth).
  8404 | D:9      | 8404 ||| Stepping ~*~*~tactically~*~*~ (stealth).
  8422 | D:9      | Reached skill level 1 in Throwing
  8533 | D:9      | 8533 ||| Stepping ~*~*~tactically~*~*~ (stealth).
  8536 | D:9      | 8536 ||| Stepping ~*~*~tactically~*~*~ (hiding).
  8537 | D:9      | 8537 ||| Stepping ~*~*~tactically~*~*~ (hiding).
  8544 | D:9      | Reached skill level 10 in Axes
  8572 | D:9      | 8572 ||| Stepping ~*~*~tactically~*~*~ (stealth).
  8581 | D:9      | Reached * piety under Okawaru
  8769 | D:9      | Reached skill level 1 in Invocations
  8830 | D:9      | 8830 ||| Stepping ~*~*~tactically~*~*~ (hiding).
  9356 | D:9      | Found a staircase to the Orcish Mines.
  9357 | D:9      | 9357 ||| INVOKING Heroism.
  9367 | D:9      | Reached skill level 3 in Invocations
  9373 | D:9      | Reached XP level 11. HP: 68/68 MP: 0/13
  9532 | D:9      | 9532 ||| DROPPING +2 hand axe of flaming.
  9533 | D:9      | 9533 ||| DROPPING +2 war axe.
  9563 | D:9      | Found a glowing golden altar of the Shining One.
  9564 | D:9      | 9564 ||| UPGRADING to +0 plate armour.
  9574 | D:9      | 9574 ||| DROPPING +0 chain mail.
  9575 | D:9      | 9575 ||| READING 4 scrolls of identify.
  9575 | D:9      | 9575 ||| IDENTIFYING fizzy blue potion
  9576 | D:9      | 9576 ||| READING 3 scrolls of identify.
  9576 | D:9      | 9576 ||| IDENTIFYING cyan potion
  9605 | D:10     | Entered Level 10 of the Dungeon
  9763 | D:10     | Found a stormy altar of Qazlal.
  9766 | D:10     | Found an ornate altar of the Wu Jian Council.
  9769 | D:10     | Found a broken altar of Ashenzari.
  9772 | D:10     | Found a basalt altar of Yredelemnul.
  9912 | D:10     | Reached ** piety under Okawaru
 10214 | D:10     | Found a blossoming altar of Fedhas.
 10229 | D:10     | Noticed an oklob plant
 10230 | D:10     | 10230 ||| INVOKING Heroism.
 10278 | D:10     | Killed an oklob plant
 10712 | D:11     | Noticed a two-headed ogre
 10712 | D:11     | Noticed a boulder beetle
 10713 | D:11     | 10713 ||| INVOKING Heroism.
 10718 | D:11     | Noticed a two-headed ogre
 10733 | D:11     | Killed a two-headed ogre
 10738 | D:11     | Killed a two-headed ogre
 10739 | D:11     | Reached skill level 11 in Axes
 10745 | D:11     | 10745 ||| FLEEEEING.
 10746 | D:11     | 10746 ||| FLEEEEING.
 10747 | D:11     | 10747 ||| STAIRDANCE
 10845 | D:11     | 10845 ||| INVOKING Heroism.
 10857 | D:11     | Killed a boulder beetle
 11071 | D:11     | 11071 ||| Stepping ~*~*~tactically~*~*~ (hiding).
 11127 | D:11     | Found a staircase to the Lair.
 11136 | D:11     | 11136 ||| INVOKING Heroism.
 11415 | D:11     | Noticed a red ugly thing
 11419 | D:11     | 11419 ||| INVOKING Heroism.
 11421 | D:11     | HP: 16/68 [red ugly thing (17)]
 11422 | D:11     | 11422 ||| READING 10 scrolls of teleportation.
 11423 | D:11     | 11423 ||| DRINKING potion of heal wounds.
 11497 | D:11     | 11497 ||| INVOKING Heroism.
 11509 | D:11     | Killed a red ugly thing
 11885 | D:11     | Noticed a two-headed ogre
 11886 | D:11     | 11886 ||| INVOKING Heroism.
 11895 | D:11     | Killed a two-headed ogre
 11896 | D:11     | Reached skill level 9 in Fighting
 12053 | D:11     | 12053 ||| INVOKING Heroism.
 12180 | D:11     | Identified the +2 helmet of Pandemonium {+Blink rPois
                  | Str+5}
 12182 | D:11     | 12182 ||| PLANNING LAIR
 12182 | D:11     | 12182 ||| UPGRADING to +2 helmet of Pandemonium {+Blink
                  | rPois Str+5}.
 12192 | D:11     | 12192 ||| DROPPING +2 helmet.
 12193 | D:11     | 12193 ||| READING scroll labelled ASOSHR XAIXKEVOAKU.
 12291 | Lair:1   | Entered Level 1 of the Lair of Beasts
 12299 | Lair:1   | 12299 ||| Stepping ~*~*~tactically~*~*~ (hiding).
 12348 | Lair:1   | 12348 ||| Stepping ~*~*~tactically~*~*~ (stealth).
 12349 | Lair:1   | Noticed a death yak
 12350 | Lair:1   | 12350 ||| INVOKING Heroism.
 12350 | Lair:1   | Noticed a death yak
 12351 | Lair:1   | Noticed a death yak
 12352 | Lair:1   | 12352 ||| Stepping ~*~*~tactically~*~*~ (stealth).
 12355 | Lair:1   | Noticed a death yak
 12360 | Lair:1   | Noticed a death yak
 12369 | Lair:1   | Killed a death yak
 12369 | Lair:1   | Reached *** piety under Okawaru
 12370 | Lair:1   | Reached skill level 9 in Armour
 12370 | Lair:1   | Reached XP level 12. HP: 72/76 MP: 0/15
 12388 | Lair:1   | Killed a death yak
 12391 | Lair:1   | Killed a death yak
 12404 | Lair:1   | Killed a death yak
 12404 | Lair:1   | Reached **** piety under Okawaru
 12414 | Lair:1   | Killed a death yak
 12848 | Lair:1   | Reached skill level 12 in Axes
 13030 | Lair:1   | Noticed an eight-headed hydra
 13032 | Lair:1   | 13032 ||| INVOKING Heroism.
 13039 | Lair:1   | 13039 ||| SWAPPING to +2 war axe of flaming.
 13043 | Lair:1   | Killed a four-headed hydra
 13043 | Lair:1   | Reached ***** piety under Okawaru
 13044 | Lair:1   | Reached skill level 6 in Invocations
 13044 | Lair:1   | 13044 ||| SWAPPING to +4 vampiric hand axe.
 13058 | Lair:1   | 13058 ||| INVOKING Heroism.
 13067 | Lair:1   | Noticed an eight-headed hydra
 13068 | Lair:1   | 13068 ||| Stepping ~*~*~tactically~*~*~ (stealth).
 13069 | Lair:1   | 13069 ||| Stepping ~*~*~tactically~*~*~ (stealth).
 13079 | Lair:1   | 13079 ||| SWAPPING to +2 war axe of flaming.
 13083 | Lair:1   | Killed a six-headed hydra
 13084 | Lair:1   | 13084 ||| SWAPPING to +4 vampiric hand axe.
 13095 | Lair:1   | 13095 ||| INVOKING Heroism.
 13303 | Lair:1   | 13303 ||| Stepping ~*~*~tactically~*~*~ (stealth).
 13713 | Lair:1   | 13713 ||| READING scroll labelled OJUXTE QIFF.
 13751 | Lair:2   | Noticed Erica
 13752 | Lair:2   | 13752 ||| INVOKING Heroism.
 13753 | Lair:2   | 13753 ||| INVOKING Finesse.
 13756 | Lair:2   | 13756 ||| DRINKING 5 potions of curing.
 13756 | Lair:2   | 13756 ||| (to cure confusion)
 13769 | Lair:2   | Killed Erica
 13947 | Lair:2   | Noticed a five-headed hydra
 13948 | Lair:2   | 13948 ||| INVOKING Heroism.
 13949 | Lair:2   | 13949 ||| INVOKING Finesse.
 13960 | Lair:2   | 13960 ||| SWAPPING to +2 war axe of flaming.
 13964 | Lair:2   | Killed a three-headed hydra
 13965 | Lair:2   | Reached XP level 13. HP: 79/82 MP: 0/19
 13965 | Lair:2   | 13965 ||| SWAPPING to +4 vampiric hand axe.
 14005 | Lair:2   | Found a hole to the Spider Nest.
 14173 | Lair:2   | 14173 ||| Stepping ~*~*~tactically~*~*~ (stealth).
 14174 | Lair:2   | 14174 ||| Stepping ~*~*~tactically~*~*~ (stealth).
 14374 | Lair:2   | 14374 ||| Stepping ~*~*~tactically~*~*~ (stealth).
 14380 | Lair:2   | 14380 ||| Stepping ~*~*~tactically~*~*~ (stealth).
 14527 | Lair:2   | 14527 ||| READING scroll of enchant armour.
 14527 | Lair:2   | 14527 ||| ENCHANTING +1 cloak.
 14591 | Lair:2   | 14591 ||| Stepping ~*~*~tactically~*~*~ (stealth).
 14603 | Lair:2   | Reached skill level 9 in Invocations
 14719 | Lair:2   | 14719 ||| READING scroll of enchant armour.
 14719 | Lair:2   | 14719 ||| ENCHANTING +0 plate armour.
 14781 | Lair:2   | 14781 ||| INVOKING Heroism.
 14782 | Lair:2   | 14782 ||| INVOKING Finesse.
 14786 | Lair:2   | 14786 ||| SWAPPING to +2 war axe of flaming.
 14793 | Lair:2   | 14793 ||| SWAPPING to +4 vampiric hand axe.
 15059 | Lair:2   | 15059 ||| DROPPING +2 scale mail of cold resistance.
 15060 | Lair:2   | 15060 ||| READING scroll labelled QUNEOR WOVE.
 15139 | Lair:3   | Found a staircase to the Shoals.
 15140 | Lair:3   | 15140 ||| INVOKING Heroism.
 15141 | Lair:3   | 15141 ||| INVOKING Finesse.
 15147 | Lair:3   | 15147 ||| SWAPPING to +2 war axe of flaming.
 15152 | Lair:3   | Received a gift from Okawaru
 15153 | Lair:3   | 15153 ||| SWAPPING to +4 vampiric hand axe.
 15405 | Lair:3   | Received a gift from Okawaru
 15626 | Lair:3   | Reached skill level 13 in Axes
 15810 | Lair:3   | 15810 ||| Stepping ~*~*~tactically~*~*~ (stealth).
 15988 | Lair:3   | Received a gift from Okawaru
 16291 | Lair:3   | 16291 ||| INVOKING Heroism.
 16292 | Lair:3   | 16292 ||| INVOKING Finesse.
 16580 | Lair:3   | 16580 ||| READING scroll labelled ZUUTEU LUUF.
 16581 | Lair:3   | 16581 ||| READING 4 scrolls of identify.
 16581 | Lair:3   | 16581 ||| IDENTIFYING grey potion
 16582 | Lair:3   | 16582 ||| DROPPING potion of invisibility.
 16625 | Lair:4   | 16625 ||| INVOKING Heroism.
 16626 | Lair:4   | 16626 ||| INVOKING Finesse.
 16629 | Lair:4   | 16629 ||| SWAPPING to +2 war axe of flaming.
 16635 | Lair:4   | Reached skill level 3 in Throwing
 16635 | Lair:4   | 16635 ||| SWAPPING to +4 vampiric hand axe.
 16813 | Lair:4   | 16813 ||| INVOKING Heroism.
 16851 | Lair:4   | 16851 ||| INVOKING Heroism.
 16940 | Lair:4   | 16940 ||| INVOKING Heroism.
 17242 | Lair:4   | Received a gift from Okawaru
 17308 | Lair:4   | Gained mutation: Your large and strong wings let you fly.
                  | [Gargoyle growth]
 17308 | Lair:4   | Reached XP level 14. HP: 76/88 MP: 3/21
 17955 | Lair:4   | 17955 ||| READING scroll labelled UGUHU JEMPUMEU.
 17956 | Lair:4   | 17956 ||| READING scroll labelled WIP ZOLAFU.
 18010 | Lair:5   | Entered Level 5 of the Lair of Beasts
 18019 | Lair:5   | Reached skill level 14 in Axes
 18026 | Lair:5   | 18026 ||| STAIRDANCE
 18208 | Lair:5   | 18208 ||| SWAPPING to +0 broad axe.
 18209 | Lair:5   | 18209 ||| DROPPING +4 vampiric hand axe.
 18255 | Lair:5   | Found a staircase to the Slime Pits.
 18266 | Lair:5   | Found a viscous altar of Jiyva.
 18448 | Lair:5   | 18448 ||| INVOKING Heroism.
 19180 | Lair:5   | 19180 ||| INVOKING Heroism.
 19181 | Lair:5   | 19181 ||| INVOKING Finesse.
 19189 | Lair:5   | Received a gift from Okawaru
 19191 | Lair:5   | 19191 ||| SWAPPING to +2 war axe of flaming.
 19199 | Lair:5   | 19199 ||| SWAPPING to +0 broad axe.
 19341 | Lair:5   | 19341 ||| Stepping ~*~*~tactically~*~*~ (stealth).
 19342 | Lair:5   | 19342 ||| Stepping ~*~*~tactically~*~*~ (stealth).
 19439 | Lair:5   | HP: 17/90 [guardian serpent (6)]
 19439 | Lair:5   | HP: 8/90 [hornet (9)]
 19439 | Lair:5   | HP: 3/90 [wyvern (5)]
 19440 | Lair:5   | 19440 ||| READING 11 scrolls of teleportation.
 19440 | Lair:5   | Mangled by a wyvern

Levels and vault maps discovered:
D:1:      dpeg_arrival_simpleton_b, layout_rooms, basic_ecumenical_altar
D:2:      layout_basic, serial_bayou_pond_c
D:3:      layout_rooms, mainiacjoe_overflow_alcove_2, led_sif_pool,
          beargit_hepliaklqana_dungeon_heroes, hex_large, chequers_avenue
D:4:      layout_gridville, xom_teletrap_fun, uniq_blork_the_orc, uniq_grinder
D:5:      layout_loops_ring, serial_co_window_serial, co_window_cross_1,
          co_window_paths_a, co_window_corner_a, co_window_paths_a,
          co_window_corner_a, co_window_broadway_b, co_window_broadway_c,
          co_window_of_opportunity_c, co_window_4corner_a, glass_columns_a,
          glass_columns_c, nicolae_half_adder, uniq_eustachio, uniq_edmund
D:6:      old_forge, layout_rooms, mainiacjoe_overflow_catwalk, temple_green,
          st_stairs_6
D:7:      layout_cave_pods, uniq_menkaure, uniq_prince_ribbit1
D:8:      layout_cave_pools, mainiacjoe_overflow_alcove_4,
          grunt_dithmenos_smoke, uniq_maggie
D:9:      layout_basic, tso_oasis_becter, kennysheep_orc_monster_closet_entryway
D:10:     layout_roguey, grunt_temple_overflow_cloverleaf, tgw_fedhas
D:11:     layout_small_grid, david_lair_shrubbed,
          chequers_serial_rivers_micro_d, worms_lemuel
Temple:   nicolae_temple_figure_zero
Lair:1:   layout_regular_city, hangedman_lair_generics_rect, grunt_megastairs_2
Lair:2:   layout_long_grid, nicolae_spider_entry_tight_spaces, uniq_erica
Lair:3:   layout_hall_layers, nicolae_shoals_entry_roost
Lair:4:   layout_gridlike, infiniplex_staircase_pool
Lair:5:   wormcave, layout_hall_layers, hangedman_lair_tendril_chambers,
          nicolae_slime_entry_field_trip

Skill      XL: |  1  2  3  4  5  6  7  8  9 10 11 12 13 14 |
---------------+-------------------------------------------+-----
Axes           | 2 3 4 5 6 7 9 10 11 12 13 14 | 14.0
Shields        | 4 5 6 7 8 9 10 11 | 11.8
Fighting       | 4 5 6 8 9 10 11 | 11.0
Dodging        | 1 2 |  2.7
Armour         | 4 5 7 9 10 11 | 11.0
Throwing       | 1 4 |  4.3
Invocations    | 3 4 8 10 | 10.0

Action                     |  1- 3 |  4- 6 |  7- 9 | 10-12 | 13-15 || total
---------------------------+-------+-------+-------+-------+-------++-------
  Melee: War axe           |   105 |    79 |   274 |    12 |    23 ||   493
         Hand axe          |       |       |    72 |   651 |   329 ||  1052
         Broad axe         |       |       |       |       |   137 ||   137
  Throw: Boomerang         |       |    21 |    18 |    75 |    38 ||   152
         Javelin           |       |       |       |       |    76 ||    76
 Invoke: Heroism           |       |       |       |    15 |     9 ||    24
         Finesse           |       |       |       |     2 |     5 ||     7
    Use: Scroll            |     2 |     7 |    10 |     9 |     8 ||    36
         Potion            |     1 |       |     3 |     4 |       ||     8
 Armour: Scale mail        |    56 |    14 |       |       |       ||    70
         Chain mail        |       |    43 |   240 |   171 |       ||   454
         Plate armour      |       |       |       |   221 |   350 ||   571
  Dodge: Dodged            |    59 |    17 |   128 |   173 |   121 ||   498
  Block: Buckler           |    24 |     5 |       |       |       ||    29
         Kite shield       |       |    13 |   151 |   320 |   256 ||   740

Table legend:
 A = Non-vault XP
 B = Vault XP
 C = Vault XP percentage of total XP
 D = Non-vault monster count
 E = Vault monster count
 F = Vault count percentage of total count
                 A         B        C        D         E       F
            +---------+---------+-------+---------+---------+-------
      Total |   51991 |   18347 |  26.1 |     327 |      99 |  23.2
            +---------+---------+-------+---------+---------+-------
        D:1 |      40 |       0 |   0.0 |      22 |       0 |   0.0
        D:2 |      44 |       0 |   0.0 |      18 |       0 |   0.0
        D:3 |      19 |       3 |  13.6 |       5 |       1 |  16.7
        D:4 |     135 |     372 |  73.4 |      19 |       2 |   9.5
        D:5 |     652 |     446 |  40.6 |      26 |       7 |  21.2
        D:6 |     434 |     454 |  51.1 |      19 |      15 |  44.1
        D:7 |    1453 |     446 |  23.5 |      28 |       2 |   6.7
        D:8 |    1809 |     398 |  18.0 |      14 |       1 |   6.7
        D:9 |    2361 |    1257 |  34.7 |      27 |      20 |  42.6
       D:10 |    1032 |     602 |  36.8 |      13 |       1 |   7.1
       D:11 |    4885 |     678 |  12.2 |      15 |       3 |  16.7
     Lair:1 |    6483 |    4734 |  42.2 |      13 |      14 |  51.9
     Lair:2 |    5392 |    2809 |  34.3 |      20 |      10 |  33.3
     Lair:3 |    7841 |    1926 |  19.7 |      19 |       3 |  13.6
     Lair:4 |   10268 |     193 |   1.8 |      34 |       1 |   2.9
     Lair:5 |    9143 |    4029 |  30.6 |      35 |      19 |  35.2
            +---------+---------+-------+---------+---------+-------
